cohdb
Replays
Latest Replays
All Replays
Popular Replays
Top Player Replays
Match Explorer
How It Works
Community
CoH3 Stats
Reddit
Sign in to upload your games and track your stats! →
Sign in with Steam
Match 38142243
Unlisted
Match 38142243
Overview
Messages
Build Orders
End
Panzergrenadier Squad
Selects Armored Support Battlegroup
Panzergrenadier Squad
Construct Light Support Kompanie
Fire Support Elements
le.IG 18 Support Gun Team
2.5-tonne Medical Truck
le.IG 18 Support Gun Team
le.IG 18 Mechanized Group
Tungsten Core Ammunition
Veteran Squad Leaders
Selects Salvage Kits
Selects Veteran Gunners
Construct Panzerarmee Kommand
Jad
Bighazelnut
Андрюшка
Ganjaraw
MisterReuben
Kartoffel
0
0
Comments
sign in to comment!
No comments posted yet!